 Dungeon Crawl Stone Soup version 0.31.0-32-g396128a36d (webtiles) character file.

Game seed: 17484751695939832996

2 Dvallin the Changeling (level 1, 0/11 HPs)
             Began as a Naga Shapeshifter on Apr 1, 2024.
             Frozen to death by an endoplasm (4 damage)
             ... on level 1 of the Dungeon.
             The game lasted 00:01:11 (164 turns).

Dvallin the Changeling (Naga Shapeshifter)           Turns: 164, Time: 00:01:11

Health: 0/11       AC:  0    Str: 16    XL:     1   Next: 40%
Magic:  1/1        EV: 13    Int: 10    God:
Gold:   5          SH:  0    Dex: 10    Spells: 0/0 levels left

rFire   . .          .
                       - Unarmed
rCold   . . .        (shield currently unavailable)
rNeg    . . .        a - melded +0 animal skin
rPois   +            (no helmet)
rElec   .            (no cloak)
rCorr   .            (no gloves)
SInv    +            (no barding)
Will    .....        (no amulet)
Stlth   +            (no ring)
HPRegen 0.21/turn    (no ring)
MPRegen 0.07/turn

%: no passive effects
@: flux-form, glowing, very slow
A: glow, contaminating, reduced hp, AC +0, large, see invisible, deformed body,
poison resistance, slowness 2, spit poison 1, naga tail 1
a: Spit Poison, Begin Untransformation


You were on level 1 of the Dungeon.
You were something dangerously unstable.
You visited 1 branch of the dungeon, and saw 1 of its levels.

You collected 5 gold pieces.

Inventory:

Armour
 a - a +0 animal skin (melded)
Talismans
 c - a beast talisman
 d - a flux talisman (active)
Scrolls
 e - 2 scrolls of identify {unknown}
 f - a scroll of noise {unknown}
Potions
 b - a potion of lignification


   Skills:
 - Level 1.0 Fighting
 - Level 1.5 Dodging
 - Level 3.0 Unarmed Combat
 + Level 3.1 Shapeshifting


You couldn't memorise any spells.
You didn't know any spells.
Your spell library was empty.

Dungeon Overview and Level Annotations

Branches:
Dungeon (1/15)

Altars:


Innate Abilities, Weirdness & Mutations

You are something dangerously unstable.
You glow with magical radiation, making you easy to see and hit.
Foes you strike become dangerously contaminated with magical radiation.
Your maximum health is decreased, since you lack skill for your form.
You are incapable of wielding weapons or throwing items.
Your serpentine skin is tough. (AC +0)
You have supernaturally acute eyesight. (SInv)
Armour fits poorly on your strangely shaped body.
Your system is resistant to poisons. (rPois)
You cover ground very slowly.
You can spit poison.
You have a snake-like lower body.


Message History

You start resting.
HP restored.
Found 2 scrolls labelled PUPUATHR LIDYN.
Found a pair of boots.
Found a scroll labelled ADEMUXTOMNU.
Found a stone staircase leading down.
Found a robe.
e - a scroll labelled PUPUATHR LIDYN
Found a book of Burglary.
e - 2 scrolls labelled PUPUATHR LIDYN (gained 1)
A bat comes into view.
Things that are here:
a +0 pair of boots; a scroll labelled LISULE TOYMAISILI The bat misses you.
The bat barely misses you.
You hit the bat.
You kill the bat!
No target in view!
No target in view!
f - a scroll labelled LISULE TOYMAISILI You see here a +0 pair of boots.
An endoplasm comes into view.
The endoplasm quivers.
You see here a scroll labelled ADEMUXTOMNU.
The endoplasm freezes you.
You are frozen.
Found 4 stones.
The endoplasm freezes you.
You are frozen.
* * * LOW HITPOINT WARNING * * *
You see here a book of Burglary.
You are too injured to fight recklessly!
You are too injured to fight recklessly!
You are too injured to fight recklessly!
You are too injured to fight recklessly!
You are too injured to fight recklessly!
You hit the endoplasm.
The endoplasm begins to glow.
The endoplasm is severely wounded.
The endoplasm freezes you.
You are frozen.
You die...

##########
#........#
(........##
........ ......#
.# #.... ... #...#
#..#.Jp#
###.[..#.#
.......?####
####..##....#
.....>†.[...######
#####+##.........#
###.#####.## #.#
#..### #.# ##...#


You could see an endoplasm (contam).

Vanquished Creatures
  A bat (D:1)
  2 kobolds (D:1)
3 creatures vanquished.

Notes
Turn   | Place    | Note
-------+----------+-------------------------------------------
     0 | D:1      | Dvallin the Naga Shapeshifter began the quest for the Orb.
     0 | D:1      | Reached XP level 1. HP: 18/18 MP: 1/1
   164 | D:1      | Frozen to death by an endoplasm

Illustrated notes

Levels and vault maps discovered:
D:1:      dpeg_arrival_signposts, layout_basic

Action                     || total
---------------------------++-------
  Melee: Unarmed           ||    13
 Armour: Skin              ||     5
  Dodge: Dodged            ||    10
   Form: Flux              ||     1
